 Dungeon Crawl Stone Soup version 0.31-a0-358-gac0dbeb3ab (webtiles) character file.

Game seed: 12871212643872168728

236 MacCMillion the Changeling (level 6, -9/47 HPs)
             Began as a Merfolk Shapeshifter on July 25, 2023.
             Mangled by an iguana (11 damage)
             ... on level 3 of the Dungeon.
             The game lasted 00:05:32 (3569 turns).

MacCMillion the Changeling (Merfolk Shapeshifter)   Turns: 3569, Time: 00:05:32

Health: -9/47      AC:  5    Str: 18    XL:     6   Next: 6%
Magic:  6/6        EV: 12    Int:  7    God:
Gold:   125        SH:  0    Dex: 14    Spells: 5/5 levels left

rFire   . .          .
                       - Unarmed
rCold   . . .        (no shield)
rNeg    . . .        m - +0 ring mail
rPois   .            (helmet currently unavailable)
rElec   .            (cloak currently unavailable)
rCorr   .            (gloves currently unavailable)
SInv    .            (boots currently unavailable)
Will    .....        (no amulet)
Stlth   +            (no ring)
HPRegen 0.27/turn    (no ring)
MPRegen 0.10/turn

%: no passive effects
@: brilliant, beast-form
A: beast (slay +3), (nimble swimmer 2), mertail
a: Begin Untransformation


You were on level 3 of the Dungeon.
You were a hulking beast.
You visited 1 branch of the dungeon, and saw 4 of its levels.

You collected 125 gold pieces.

Inventory:

Armour
 a - a +0 animal skin
 m - a +0 ring mail (worn)
Talismans
 c - a beast talisman
 o - a serpent talisman
Scrolls
 d - 2 scrolls of blinking {unknown}
 f - a scroll of butterflies {unknown}
 g - 2 scrolls of noise {unknown}
 h - a scroll of immolation {unknown}
 i - 3 scrolls of identify {unknown}
 j - a scroll of poison {unknown}
Potions
 b - a potion of lignification
 e - 2 potions of brilliance
 k - 2 potions of invisibility {unknown}
 l - a potion of degeneration {unknown}
 n - a potion of heal wounds {unknown}
 p - a potion of cancellation {unknown}
 q - 2 potions of might {unknown}


   Skills:
 - Level 3.0 Fighting
 - Level 4.4 Dodging
 - Level 4.7 Unarmed Combat
 + Level 5.2 Shapeshifting


You had 5 spell levels left.
You didn't know any spells.
Your spell library was empty.

Dungeon Overview and Level Annotations

Branches:
Dungeon (4/15)
 Temple: D:4-7

Altars:
Dithmenos

Shops:
D:1 **==*   D:2 :


Innate Abilities, Weirdness & Mutations

You are a hulking beast.
Your limbs bulge with bestial killing power. (Slay +3)
((You are very nimble when in or above water. (Stealth+, EV+, Speed+++)))
Your lower body shifts to a powerful aquatic tail in water.


Message History

An orc is nearby!
An orc is nearby!
A goblin comes into view. It is wielding a +0 dagger.
The goblin shouts!
You hear a shout!
An orc priest comes into view. It is wielding a +0 mace.
The orc priest shouts!
You hear an angry hiss.
You hear a shout!
An orc priest comes into view. It is wielding a +0 hand axe.
An iguana comes into view.
The iguana hisses angrily.
Found a stone staircase leading down.
An endoplasm comes into view.
The endoplasm quivers.
The orc priest casts a cantrip, but nothing happens.
There is a stone staircase leading up here.
The orc hits you with a +0 morningstar.
An orc priest comes into view. It is wielding a +0 dagger.
The orc priest shouts!
The iguana bites you.
The orc priest calls down the wrath of Beogh upon you.
Beogh smites you!
You climb upwards.
There is a stone staircase leading down here.
You punch the iguana!
The iguana is heavily wounded.
The iguana bites you. The orc hits you with a +0 morningstar!
You hit the iguana but do no damage.
The iguana is heavily wounded.
The iguana bites you!
* * * LOW HITPOINT WARNING * * *
The orc closely misses you.
You barely miss the iguana.
The iguana is heavily wounded.
The iguana bites you!
* * * LOW HITPOINT WARNING * * *
The orc barely misses you.
Okay, then.
It was a potion of brilliance.
You feel clever all of a sudden. The iguana bites you!
You die...

######...# #.##.####(# #.#.###
#.##.# #.# #.....# #.##.# #.#
#####.###.## #.##.# #.# #.....#
#..# #.##.# #.# #.###.###..##
#.##.# #.# ###.###.......##
#.##.# #.# ####.......#......#
#.##.# #.#
.....#.#######..hl###.##.####.#
###..#.# ##...o..........)..# #
#..#.# ##....########.######
###..#.####.....## #.#
.....#...........# #.#
###.#######.....## #.# ###.##
##...## #.# .....# ##.## #.#
###..# #.# #.#


You could see an iguana and an orc.

Vanquished Creatures
  2 orc priests (D:2)
  A jelly (D:4)
  An iguana (D:4)
  A gnoll (D:1)
  3 adders
  3 worms
  A dart slug (D:1)
  3 orcs (D:2)
  7 ball pythons
  2 bats
  7 endoplasms
  A giant cockroach (D:3)
  5 goblins
  9 hobgoblins
  3 jackals (D:1)
  5 quokkas
  6 frilled lizards
  7 kobolds
  8 rats
75 creatures vanquished.

Notes
Turn   | Place    | Note
-------+----------+-------------------------------------------
     0 | D:1      | MacCMillion the Merfolk Shapeshifter began the quest for
                  | the Orb.
     0 | D:1      | Reached XP level 1. HP: 15/15 MP: 1/1
   123 | D:1      | Reached XP level 2. HP: 11/21 MP: 2/2
   380 | D:1      | Reached XP level 3. HP: 13/26 MP: 3/3
   635 | D:1      | Found Beduewint's General Store.
   779 | D:1      | Found Syafeud's Jewellery Shoppe.
   785 | D:1      | Found Osia's General Store.
   802 | D:1      | Found Leusmesi's Jewellery Emporium.
   812 | D:1      | You fall into a shaft and drop 1 floor!
  1091 | D:2      | Reached XP level 4. HP: 32/32 MP: 4/4
  1339 | D:1      | Found Rareint's General Store.
  1860 | D:2      | Found Ziprag's Vocational Training.
  1957 | D:2      | Reached XP level 5. HP: 37/39 MP: 5/5
  2290 | D:2      | Found a faded altar of an unknown god.
  3099 | D:3      | Reached skill level 5 in Shapeshifting
  3248 | D:4      | Reached XP level 6. HP: 16/47 MP: 6/6
  3481 | D:4      | Found a shadowy altar of Dithmenos.
  3568 | D:3      | HP: 2/47 [iguana (10)]
  3569 | D:3      | Mangled by an iguana

Illustrated notes

Levels and vault maps discovered:
D:1:      ebering_trefoil_twist, layout_loops_cross, serial_shops, shop,
          nicolae_shop_window_shopping, nicolae_shop_stone,
          nicolae_shop_peninsula, shop, grunt_decor_one_mirror
D:2:      layout_loops_corners, shapermc_ecumenical_altar_mp_vishouse,
          nicolae_shop_vocational
D:3:      layout_loops_ring
D:4:      layout_cave_pools, nicolae_dithmenos_shadow_blocks,
          yredelemnul_forgotten_temple_becter, minmay_statues_item

Skill      XL: |  1  2  3  4  5 |
---------------+----------------+-----
Unarmed Combat | 4 |  4.7
Dodging        | 3 4 |  4.4
Fighting       | 2 3 |  3.0
Shapeshifting  | 5 |  5.2

Action                     |  1- 3 |  4- 6 || total
---------------------------+-------+-------++-------
  Melee: Unarmed           |    85 |   106 ||   191
         Punch             |     1 |     2 ||     3
    Use: Potion            |       |     1 ||     1
   Stab: Sleeping          |     1 |       ||     1
 Armour: Animal skin       |     7 |     9 ||    16
         Ring mail         |       |    13 ||    13
  Dodge: Dodged            |    52 |    55 ||   107

Table legend: (Time is in decaauts)
 A = Elapsed time spent in this place.
 B = Non-inter-level travel time spent in this place.
 C = Inter-level travel time spent in this place.
 D = Time resting spent in this place.
 E = Time spent auto-exploring this place.
 F = Levels seen in this place.
 G = Mean time per level.
                   A        B        C        D        E       F      G
               +--------+--------+--------+--------+--------+-----+--------+
         Total |   3556 |   3350 |    206 |    602 |   2105 |   4 |  889.0 |
       Dungeon |   3556 |   3350 |    206 |    602 |   2105 |   4 |  889.0 |
               +--------+--------+--------+--------+--------+-----+--------+

Top non-repeatable levels by time:
     D:2: 1323 daAuts
     D:1: 1135 daAuts
     D:3: 892 daAuts
     D:4: 204 daAuts
